 Dungeon Crawl Stone Soup version 0.18.1-48-g4cf74bf (webtiles) character file.

219 MajorAdolf the Ducker (level 5, 0/40 HPs)
             Began as a Demonspawn Gladiator on Sept 6, 2016.
             Slain by a river rat (4 damage)
             ... summoned by Eustachio
             ... on level 4 of the Dungeon.
             The game lasted 00:06:45 (3824 turns).

MajorAdolf the Ducker (Demonspawn Gladiator)        Turns: 3824, Time: 00:06:45

Health: 0/40       AC:  3    Str: 15    XL:     5   Next: 63%
Magic:  5/5        EV: 13    Int: 11    God:
Gold:   223        SH:  0    Dex: 13    Spells: 0 memorised, 4 levels left

rFire  . . .     SeeInvis .     k - +1 dagger (pain)
rCold  . . .     Gourm    .     b - +0 leather armour
rNeg   . . .     Faith    .     (no shield)
rPois  .         Spirit   .     (helmet restricted)
rElec  .         Dismiss  .     (no cloak)
rCorr  .         Reflect  .     (no gloves)
SustAt .         Harm     .     (no boots)
MR     .....                    (no amulet)
Stlth  +++.......               (no ring)
                                (no ring)

@: not resistant to hostile enchantments, fairly stealthy
A: claws 1, hooves 1, horns 1, nightstalker 1
a: no special abilities


You were on level 4 of the Dungeon.
You were not hungry.

You visited 1 branch of the dungeon, and saw 4 of its levels.

You collected 223 gold pieces.

Inventory:

Hand Weapons
 k - a +1 dagger of pain (weapon)
 q - a +0 rapier
Missiles
 d - 3 throwing nets (quivered)
Armour
 b - a +0 leather armour (worn)
 c - a +0 helmet
Scrolls
 n - a scroll of amnesia {unknown}
 p - a scroll of teleportation
 t - a scroll of magic mapping {unknown}
 u - a scroll of remove curse
 v - a scroll of identify
Potions
 a - a potion of haste {unknown}
 e - a potion of brilliance
 g - a potion of lignification
 j - a potion of might {unknown}
 l - 2 potions of curing {unknown}
 m - a potion of cure mutation {unknown}
 o - 2 potions of mutation {unknown}
Books
 r - a book of Ice

   Spells                             Type                      Level
   a - Ice Form                       Ice/Transmutation            4
   b - Metabolic Englaciation         Hexes/Ice                    5
   c - Ozocubu's Refrigeration        Ice                          6
   d - Bolt of Cold                   Conjuration/Ice              6
   e - Freezing Cloud                 Conjuration/Ice/Air          6
   f - Simulacrum                     Ice/Necromancy               6
Comestibles
 f - 3 bread rations
 h - 2 meat rations
 i - a slice of pizza
 s - a chunk of flesh


   Skills:
 + Level 2.9 Fighting
   Level 3.0 Staves
 - Level 1.7 Throwing
 + Level 4.4 Dodging
 + Level 2.8 Stealth


You had 4 spell levels left.
You didn't know any spells.

Dungeon Overview and Level Annotations

Branches:
Dungeon (4/15)
 Temple: D:4-7

Altars:

Shops:
D:4 }

Annotations:
D:4 Eustachio


Innate Abilities, Weirdness & Mutations

You have sharp fingernails.
You have large cloven feet.
You have a pair of small horns on your head.
You are slightly more attuned to the shadows.


Message History

The quokka misses you. The river rat misses you.
The river rat closely misses you.
You closely miss the quokka.
The quokka is heavily wounded.
The quokka bites you.
* * * LOW HITPOINT WARNING * * *
The river rat misses you. The river rat barely misses you.
You hit the quokka.
You kill the quokka!
The quokka's corpse disappears in a puff of smoke!
Eustachio asks, "How can you live without manners, virtues and honour?"
Eustachio gestures wildly while chanting.
The river rat closely misses you. The river rat bites you!
* * * LOW HITPOINT WARNING * * *
You closely miss the quokka. You kick the quokka, but do no damage.
The river rat disappears in a puff of smoke!
The quokka bites you.
* * * LOW HITPOINT WARNING * * *
The river rat bites you.
You die...

∩..#.# ⌠.#.#
##.#.#
#...?##
#...rr
#..@r####
#@r..#
####.# #.#
#.# #.#
#######.####
...........#
####.$..##.#
#.#####.#


You could see Eustachio, 2 river rats and 2 quokkas.

Vanquished Creatures
  An orc wizard (D:3)
  Jessica (D:2)
  Ijyb (D:2)
  Natasha (twice) (D:2)
  4 adders
  A worm (D:3)
  A dart slug (D:1)
  A giant gecko (D:1)
  3 orcs (D:3)
  3 giant cockroaches
  9 goblins
  7 hobgoblins
  4 kobolds
  A ball python (D:3)
  3 bats
  4 giant newts
  6 rats
52 creatures vanquished.

Notes
Turn   | Place    | Note
--------------------------------------------------------------
     0 | D:1      | MajorAdolf the Demonspawn Gladiator began the quest for the Orb.
     0 | D:1      | Reached XP level 1. HP: 16/16 MP: 1/1
   198 | D:1      | Reached skill level 3 in Dodging
   215 | D:1      | Gained mutation: You are slightly more attuned to the shadows. [demonic ancestry]
   215 | D:1      | Reached XP level 2. HP: 22/22 MP: 2/2
   814 | D:2      | Found a faded altar to an unknown god.
   867 | D:2      | Gained mutation: You have a pair of small horns on your head. [demonic ancestry]
   867 | D:2      | Reached XP level 3. HP: 10/27 MP: 3/3
  1427 | D:2      | Noticed Natasha
  1436 | D:2      | Killed Natasha
  1436 | D:2      | Reached skill level 1 in Stealth
  1806 | D:2      | Noticed Ijyb
  1818 | D:2      | Killed Ijyb
  1818 | D:2      | Gained mutation: You have large cloven feet. [demonic ancestry]
  1818 | D:2      | Reached XP level 4. HP: 34/34 MP: 4/4
  1819 | D:2      | Noticed Jessica
  1831 | D:2      | Killed Jessica
  1831 | D:2      | Reached skill level 4 in Dodging
  2087 | D:2      | Noticed Natasha
  2098 | D:2      | Killed Natasha
  2098 | D:2      | Gained mutation: You have sharp fingernails. [demonic ancestry]
  2098 | D:2      | Reached XP level 5. HP: 27/39 MP: 5/5
  3790 | D:4      | Noticed Eustachio
  3806 | D:4      | Found Kimuqit's Gadget Boutique.
  3824 | D:4      | Slain by a river rat

Skill      XL: |  1  2  3  4 |
---------------+-------------+-----
Dodging        | 3 4 |  4.4
Staves         | 3 |  3.0
Stealth        | 1 2 |  2.8
Fighting       | |  2.9
Throwing       | |  1.7

Action                   |  1- 3 |  4- 6 || total
-------------------------+-------+-------++-------
Melee: Quarterstaff      |    86 |     4 ||    90
       Headbutt          |     4 |    17 ||    21
       Dagger            |       |   142 ||   142
       Kick              |       |    31 ||    31
  Use: Scroll            |     4 |     3 ||     7
 Stab: Sleeping          |     8 |     4 ||    12
       Distracted        |       |     1 ||     1
  Eat: Chunk             |     3 |     6 ||     9
Armor: Leather armour    |    18 |    25 ||    43
Dodge: Dodged            |    65 |   105 ||   170
